 Dungeon Crawl Stone Soup version 0.17.1-2-g5865329 (webtiles) character file.

810 kaze the Ducker (level 7, 0/70 HPs)
             Began as a Troll Berserker on Jan 20, 2016.
             Was a Believer of Trog.
             Slain by a giant frog (2 damage)
             ... on level 6 of the Dungeon.
             The game lasted 00:10:18 (1802 turns).

kaze the Ducker (Troll Berserker)                   Turns: 1802, Time: 00:10:19

Health: 0/70       AC:  6    Str: 28    XL:     7   Next: 61%
Magic:  6/6        EV: 11    Int:  3    God:    Trog [**....]
Gold:   218        SH:  0    Dex:  9    Spells: 0 memorised, 6 levels left

rFire  . . .     SeeInvis .       - Unarmed
rCold  . . .     Clarity  .     a - +1 animal skin
rNeg   . . .     SustAt   .     (no shield)
rPois  .         Gourm    +     (helmet restricted)
rElec  .         Spirit   .     (no cloak)
rCorr  .         Warding  .     (gloves unavailable)
rMut   .         Stasis   .     (boots unavailable)
MR     .....                    (no amulet)
Stlth  ..........               (no ring)
                                n - ring of loudness

@: not resistant to hostile enchantments, extremely unstealthy
A: unfitting armour, claws 3, fast metabolism 3, gourmand, regeneration 2,
shaggy fur 1, tough skin 2
a: Berserk, Trog's Hand, Burn Spellbooks, Renounce Religion


You were on level 6 of the Dungeon.
You worshipped Trog.
Trog was pleased with you.
You were not hungry.

You visited 1 branch of the dungeon, and saw 6 of its levels.

You collected 218 gold pieces.

Inventory:

Armour
 a - a +1 animal skin (worn)
Rods
 r - a -2 rod of shadows (14/14)
   (You found it on level 5 of the Dungeon)
Jewellery
 n - a ring of loudness (left claw)
Wands
 o - a wand of random effects (21)
Scrolls
 d - a scroll of fog {unknown}
 i - a scroll of enchant armour
 j - a scroll of fear
 q - 2 scrolls of remove curse
 s - a scroll of identify
 t - a scroll of teleportation
Potions
 c - a potion of might
 e - 2 potions of haste {unknown}
 f - a potion of mutation {unknown}
 h - 2 potions of agility {unknown}
 k - a potion of poison {unknown}
 p - a potion of heal wounds {unknown}
Comestibles
 b - a bread ration
 g - 2 beef jerkies
 l - 2 meat rations
 m - 2 slices of pizza


   Skills:
 + Level 4.2 Fighting
 + Level 5.6 Dodging
 + Level 5.2 Unarmed Combat


You had 6 spell levels left.
You didn't know any spells.

Dungeon Overview and Level Annotations

Branches:
Dungeon (6/15)             Temple (0/1) D:5

Altars:
Ashenzari

Annotations:
D:5 Prince Ribbit
D:6 kaze's ghost, novice TrBe


Innate Abilities, Weirdness & Mutations

You are too large for most types of armour.
You have claws for hands.
Your metabolism is lightning-fast.
You like to eat raw meat.
You heal very quickly.
You are covered in fur (AC +1).
You have very tough skin (AC +2).


Message History

* * * LOW HITPOINT WARNING * * *
The jackal completely misses you. The jackal barely misses you.
The jackal closely misses you.
The jackal bites you but does no damage.
A giant frog comes into view.
The giant frog gives a loud, deep croak!
The jackal barely misses you. The giant frog hits you.
* * * LOW HITPOINT WARNING * * *
The jackal bites you but does no damage.
The giant frog hits you.
* * * LOW HITPOINT WARNING * * *
The adder zombie bites you.
* * * LOW HITPOINT WARNING * * *
The jackal barely misses you.
Kaze's ghost says, "What do you have that I didn't have?"
The giant frog barely misses you. The giant frog closely misses you.
The giant frog hits you.
You die...

##### #.... #... #..#
#..# #.@###.#
#######Fh....#
#.......Z#######
######s#.....#.. ##
#W#.###.#.# .# #.#.#
#.#.# ..####
#.#.###.#.###.....
..#..........[.[..#
#.............#..##.##


You could see a giant frog, kaze's ghost, an adder zombie, a jackal and a giant
cockroach.

Vanquished Creatures
  Grinder (D:5)
  3 ogres
  2 scorpions (D:5)
  2 hounds
  An orc wizard (D:4)
  A crimson imp (D:5)
  An orc priest (D:4)
  A worker ant (D:4)
  A hound skeleton (D:5)
  3 adders
  A worm (D:3)
  2 giant geckos
  4 orcs
  3 bats
  4 giant cockroaches
  3 hobgoblins
  4 jackals
  5 kobolds
  A quokka (D:2)
  3 giant newts
  A goblin (D:3)
  A rat (D:3)
48 creatures vanquished.

Notes
Turn   | Place    | Note
--------------------------------------------------------------
     0 | D:1      | kaze the Troll Berserker began the quest for the Orb.
     0 | D:1      | Reached XP level 1. HP: 22/22 MP: 0/0
   191 | D:2      | Reached XP level 2. HP: 29/29 MP: 1/1
   623 | D:3      | Reached XP level 3. HP: 26/36 MP: 2/2
   780 | D:4      | Reached ** piety under Trog
   791 | D:4      | Reached XP level 4. HP: 36/45 MP: 3/3
   805 | D:4      | Noticed an ogre
   816 | D:4      | Killed an ogre
   816 | D:4      | Reached XP level 5. HP: 53/53 MP: 4/4
   837 | D:4      | Found a shattered altar of Ashenzari.
   840 | D:4      | Reached skill level 4 in Unarmed Combat
   930 | D:4      | Reached XP level 6. HP: 47/61 MP: 5/5
   996 | D:4      | Noticed an ogre
  1005 | D:4      | Killed an ogre
  1236 | D:5      | Entered Level 5 of the Dungeon
  1293 | D:5      | Noticed Grinder
  1314 | D:5      | Paralysed by Grinder for 6 turns
  1321 | D:5      | Killed Grinder
  1321 | D:5      | Reached skill level 5 in Dodging
  1321 | D:5      | Reached skill level 5 in Unarmed Combat
  1321 | D:5      | Reached XP level 7. HP: 11/70 MP: 6/6
  1550 | D:5      | Noticed Prince Ribbit
  1642 | D:5      | Found a staircase to the Ecumenical Temple.
  1771 | D:6      | Noticed kaze's ghost (novice TrBe)
  1784 | D:6      | HP: 1/70 [kaze's ghost (20)]
  1800 | D:6      | HP: 2/70 [giant frog (4)]
  1802 | D:6      | Slain by a giant frog

Action                   |  1- 3 |  4- 6 |  7- 9 || total
-------------------------+-------+-------+-------++-------
Melee: Whip              |    15 |       |       ||    15
       Unarmed           |    56 |    63 |    40 ||   159
Invok: Berserk           |       |     1 |       ||     1
       Trog's Hand       |       |       |     1 ||     1
  Use: Scroll            |     5 |     3 |     1 ||     9
 Stab: Sleeping          |     1 |       |       ||     1
  Eat: Chunk             |     3 |     6 |     2 ||    11
       Bread ration      |     1 |       |       ||     1
